 Dungeon Crawl Stone Soup version 0.31-a0-806-g0bc164a743 (console) character file.

Game seed: 16495929487940805146

2118367 elliptic the Conqueror (level 27, 273/273 HPs)
             Began as a Hill Orc Reaver on Sept 20, 2023.
             Was a High Priest of Okawaru.
             Escaped with the Orb
             ... and 3 runes!
             The game lasted 02:06:54 (45297 turns).

elliptic the Conqueror (Hill Orc Reaver)           Turns: 45297, Time: 02:06:54

Health: 273/273    AC: 40    Str: 45    XL:     27
Magic:  33/33      EV: 24    Int: 17    God:    Okawaru [*****.]
Gold:   3835       SH:  0    Dex: 22    Spells: 28/29 levels left

rFire   + + .        a - +9 executioner's axe (heavy) {norare}
rCold   + . .        (shield currently unavailable)
rNeg    . . .        M - +8 crystal plate armour {rC+} {nodragon}
rPois   .            O - +0 hat "Vesulec" {rF++}
rElec   +            J - +4 dragonskin cloak
rCorr   .            T - +0 pair of fencer's gloves {Riposte Dex+3}
SInv    .            R - +1 pair of boots "Kaulod Roku" {Rampage Str+5 Dex+5}
Will    +++..        L - amulet of regeneration Stlth
                     o - +6 ring of strength
HPRegen 1.45/turn    j - ring "Jiew" {Will+ Str+6 Dex+6 Stlth+}
MPRegen 0.23/turn

%: rampage
@: finesse-ful, hasted, studying 3 skills, very quick
A: horns 1, clever 1, deformed body, low MP 1, screaming 1, electricity
resistance
0: Orb of Zot
}: 3/15 runes: barnacled, silver, gossamer
a: Renounce Religion, Heroism, Finesse, Duel


You escaped.
You worshipped Okawaru.
Okawaru was extremely pleased with you.
You visited 11 branches of the dungeon, and saw 51 of its levels.
You visited 1 bazaar.
You also visited: Trove, Ice Cave, Volcano and Wizlab.

You collected 9131 gold pieces.
You spent 5296 gold pieces at shops.


Innate Abilities, Weirdness & Mutations

You have a pair of small horns on your head.
Your mind is acute. (Int +4, Str/Dex -1)
Armour fits poorly on your strangely shaped body.
Your magical capacity is low. (-10% MP)
You occasionally shout uncontrollably at your foes.
You are resistant to electric shocks. (rElec)


   Skills:
 O Level 27 Fighting
 - Level 24.0 Axes
 + Level 17.6 Throwing
 - Level 22.0 Armour
 - Level 22.0 Dodging
 - Level 1.5 Spellcasting
 - Level 3.0 Conjurations
 - Level 19.6 Invocations


You had 28 spell levels left.
You knew the following spells:

 Your Spells              Type           Power      Damage    Failure   Level
q - Kiss of Death         Conj/Necr      24%        2d7       43%         1

Your spell library contained the following spells:

 Spells                   Type           Power      Damage    Failure   Level
 Magic Dart               Conj           44%        1d5       26%         1
 Searing Ray              Conj           22%        2d5       36%         2
 Momentum Strike          Conj/Tloc      12%        3d8       56%         2
 Static Discharge         Conj/Air       12%        2-3/arc   56%         2
 Apportation              Tloc           2%         N/A       65%         1
 Necrotise                Necr           4%         1d4       65%         1
 Blink                    Tloc           2%         N/A       78%         2
 Cigotuvi's Dreadful Rot  Necr/Pois/Air  2%         N/A       78%         2
 Ensorcelled Hibernation  Hex/Ice        2%         N/A       78%         2
 Jinxbite                 Hex            2%         N/A       78%         2
 Passwall                 Tmut/Erth      0%         N/A       78%         2
 Sublimation of Blood     Necr           1%         N/A       78%         2
 Wereblood                Tmut           1%         N/A       78%         2
 Dazzling Flash           Conj/Hex       12%        N/A       80%         3
 Hailstorm                Conj/Ice       6%         3d4       80%         3
 Mephitic Cloud           Conj/Pois/Air  4%         N/A       86%         3
 Confusing Touch          Hex            1%         N/A       95%         3
 Gell's Gravitas          Tloc           1%         N/A       95%         3
 Ignite Poison            Fire/Tmut/Pois 1%         N/A       95%         3
 Ozocubu's Armour         Ice            1%         N/A       95%         3
 Swiftness                Air            1%         N/A       95%         3
 Teleport Other           Tloc           1%         N/A       95%         3
 Volatile Blastmotes      Fire/Tloc      2%         2d10      95%         3
 Brom's Barrelling Bould  Conj/Erth      6%         2d3       99%         4
 Fulminant Prism          Conj/Hex       3%         3d5       99%         4
 Iskenderun's Mystic Bla  Conj/Tloc      6%         2d4       99%         4
 Sticky Flame             Conj/Fire      6%         2d3       99%         4
 Airstrike                Air            0%         2d(1-17)  100%        4
 Anguish                  Hex/Necr       0%         N/A       100%        4
 Cause Fear               Hex            0%         N/A       100%        4
 Dispel Undead            Necr           1%         3d6       100%        4
 Leda's Liquefaction      Hex/Erth       0%         N/A       100%        4
 Manifold Assault         Tloc           1%         N/A       100%        4
 Passage of Golubria      Tloc           1%         N/A       100%        4
 Vhi's Electric Charge    Tloc/Air       2%         N/A       100%        4
 Agony                    Necr           1%         N/A       100%        5
 Alistair's Intoxication  Tmut/Pois      0%         N/A       100%        5
 Arcjolt                  Conj/Air       3%         1d13      100%        5
 Borgnjor's Vile Clutch   Necr/Erth      0%         N/A       100%        5
 Fireball                 Conj/Fire      3%         3d4       100%        5
 Freezing Cloud           Conj/Ice/Air   2%         6-21      100%        5
 Irradiate                Conj/Tmut      3%         3d12      100%        5
 Iskenderun's Battlesphe  Conj           11%        2d7       100%        5
 Lee's Rapid Deconstruct  Erth           0%         3d4*      100%        5
 Yara's Violent Unravell  Hex/Tmut       0%         3d3       100%        5
 Conjure Ball Lightning   Conj/Air       3%         3x3d6     100%        6
 Dispersal                Tloc           0%         N/A       100%        6
 Eringya's Noxious Bog    Tmut/Pois      0%         4d6       100%        6
 Leda's Unmaking          Conj/Erth      3%         9d1       100%        6
 Starburst                Conj/Fire      3%         6d3       100%        6
 Enfeeble                 Hex            0%         N/A       100%        7
 Orb of Destruction       Conj           5%         9d5       100%        7
 Ozocubu's Refrigeration  Ice            0%         4d7       100%        7
 Disjunction              Tloc           0%         N/A       100%        8
 Ignition                 Fire           0%         3d3       100%        8
 Maxwell's Capacitive Co  Air            0%         death     100%        8
 Chain Lightning          Conj/Air       3%         3d4       100%        9
 Summon Small Mammal      Summ           Unusable   N/A       N/A         1
 Call Imp                 Summ           Unusable   N/A       N/A         2
 Tukima's Dance           Hex            Unusable   N/A       N/A         3
 Summon Lightning Spire   Summ/Air       Unusable   N/A       N/A         4
 Summon Forest            Summ/Tloc      Unusable   N/A       N/A         5
 Death Channel            Necr           Unusable   N/A       N/A         6
 Simulacrum               Ice/Necr       Unusable   N/A       N/A         6
 Summon Hydra             Summ           Unusable   N/A       N/A         7
 Infestation              Necr           Unusable   N/A       N/A         8
 Dragon's Call            Summ           Unusable   N/A       N/A         9

Inventory:

Hand Weapons
 a - a +9 heavy executioner's axe (weapon) {norare}
 t - a +1 executioner's axe of flaming
 H - the +8 lance "Wyrmbane" {slay drac, rPois rF+ rC+ AC+3}
   (You took it off a deep elf annihilator on level 3 of the Elven Halls)

   AC+3:      It affects your AC (+3).
   rF+:       It protects you from fire.
   rC+:       It protects you from cold.
   rPois:     It protects you from poison
 Y - a +2 vampiric broad axe
Missiles
 p - 34 javelins
 y - 60 boomerangs
 z - 2 throwing nets
 B - 27 silver javelins (quivered)
 G - 10 curare-tipped darts
Armour
 J - the +4 dragonskin cloak (worn)
   (You took it off Tiamat on level 2 of the Realm of Zot)

   Avatar's Aegis: It grants the wearer a chance to resist fire, cold, poison,
   electricity, acid, and negative energy.
 M - a +8 crystal plate armour of cold resistance (worn) {nodragon}
 O - the +0 hat "Vesulec" (worn) {rF++}
   (You found it on level 3 of the Depths)

   rF++:      It greatly protects you from fire.
 R - the +1 pair of boots "Kaulod Roku" (worn) {Rampage Str+5 Dex+5}
   (Okawaru gifted it to you on level 11 of the Dungeon)

   Str+5:     It affects your strength (+5).
   Dex+5:     It affects your dexterity (+5).
   Rampage:   It bestows one free step when moving towards enemies.
 T - the +0 pair of fencer's gloves (worn) {Riposte Dex+3}
   (You found it in a treasure trove)

   Riposte:   It allows the wearer to riposte with melee weapons, swiftly
   retaliating against missed or blocked melee attacks.
   Dex+3:     It affects your dexterity (+3).
 V - the +2 helmet "Xyudumn" {-Cast rElec rN+++ Str+2}
   (You acquired it on level 2 of the Orcish Mines)

   Str+2:     It affects your strength (+2).
   rElec:     It insulates you from electricity.
   rN+++:     It renders you almost immune to negative energy.
   -Cast:     It prevents spellcasting.
 W - a scarf of resistance
Jewellery
 e - a ring of see invisible
 j - the ring "Jiew" (right hand) {Will+ Str+6 Dex+6 Stlth+}
   (You bought it in a shop on level 7 of the Dungeon)

   [ring of strength]

   Str+6:     It affects your strength (+6).
   Dex+6:     It affects your dexterity (+6).
   Will+:     It increases your willpower.
   Stlth+:    It makes you more stealthy.
 o - a +6 ring of strength (left hand)
 A - a ring of resist corrosion
 E - a ring of poison resistance
 I - the ring "Nilamo Salell" {rC- Will++ Int+2 Dex-5 Slay+4}
   (You found it on level 8 of the Dungeon)

   [ring of slaying]

   Int+2:     It affects your intelligence (+2).
   Dex-5:     It affects your dexterity (-5).
   Slay+4:    It affects your accuracy & damage with ranged weapons and melee
   (+4).
   rC-:       It makes you vulnerable to cold.
   Will++:    It greatly increases your willpower.
 L - an amulet of regeneration (around neck)
 Z - the ring of Ethics {rF+ rC++ MP+9 Str-3 Stlth+}
   (You found it on level 3 of the Depths)

   [ring of magical power]

   Str-3:     It affects your strength (-3).
   rF+:       It protects you from fire.
   rC++:      It greatly protects you from cold.
   MP+9:      It affects your magic capacity (+9).
   Stlth+:    It makes you more stealthy.
Wands
 i - a wand of digging (15)
 r - a wand of light (34)
 w - a wand of iceblast (68)
Scrolls
 c - 7 scrolls of fog
 d - 5 scrolls of poison
 g - 19 scrolls of teleportation
 s - 13 scrolls of blinking
 v - 8 scrolls of fear
 x - 4 scrolls of immolation
 D - a scroll of revelation
 F - 7 scrolls of silence {!r}
 X - 3 scrolls of enchant weapon
Potions
 b - a potion of invisibility
 f - 3 potions of cancellation
 h - 17 potions of curing
 k - 17 potions of heal wounds
 l - 7 potions of attraction
 n - 5 potions of brilliance
 q - 8 potions of enlightenment
 u - 8 potions of ambrosia
 C - 9 potions of mutation {!q}
 K - 3 potions of magic
 N - 6 potions of might
 P - a potion of haste
 S - 5 potions of berserk rage {!q}
 U - a potion of resistance


Message History

You feel the Orb delaying your translocation!
You can now deal lightning-fast blows.
The demonic crawler misses you.
You riposte.
You cut the demonic crawler into ribbons!!!
You headbutt the demonic crawler, but do no damage.
The demonic crawler is almost dead.
The demonic crawler closely misses you. The demonic crawler misses you.
The demonic crawler completely misses you.
You riposte.
You slash the demonic crawler!
The demonic crawler is almost dead.
You chop the reaper into pieces!!! The demonic crawler misses you.
The demonic crawler barely misses you.
The reaper hits you with a +0 heavy scythe.
You closely miss the reaper. You headbutt the reaper!
You kill the reaper!
Okawaru accepts your kill.
You barely miss the demonic crawler.
The demonic crawler completely misses you.
You riposte.
You barely miss the demonic crawler.
The demonic crawler is almost dead.
The demonic crawler hits you but does no damage.
The demonic crawler completely misses you.
You slice the demonic crawler like a ripe choko!!!
You kill the demonic crawler!
Okawaru accepts your kill.
No target in view!
No target in view!
You open the door.
There is an open door here.
You close the door.
You start resting.
Your surroundings suddenly seem different.
There is a stone staircase leading up here.
You feel yourself speed up.
You climb upwards.
There is a stone staircase leading down here.
You open the door.
There is an open door here.
There is a staircase leading out of the dungeon here.
You have escaped!

##....####....#...#.#.#..........
.'..................#............
##......#.##+##...###.###.#.#####
####.)..#..>.#..#..##.# #.#.# #
........#####..#.#..#####.#.# #
......##......#...#.......#+#####
.........#####.....#####......%..
......#...#...........#..........
###...###..#....@....#..#........
......###..#.........#..#.#.#####
....).##..#...........#.........#
......##.#####.....#####.##.###.#
.......#......#...#......##.# #.#
###....#.##.#..#.#..#######'###.#
# #....#..#..#..#..## #......# #
#....#..#..##...## #####......# #
#....#..#.....### #..........#


There were no monsters in sight!

Vanquished Creatures
  Tiamat (Zot:2)
  4 dread liches
  3 orbs of fire (Zot:5)
  5 ancient liches
  Mennas (Crypt:3)
  A juggernaut (Depths:3)
  Vv (Crypt:1)
  The ghost of quakins the Skinwalker, a veteran TrSh of Trog (Depths:3)
  6 Killer Klowns (Zot:5)
  8 golden dragons
  Jory (Crypt:3)
  A bone dragon (Depths:4)
  Norris (Elf:2)
  2 electric golems (Zot:5)
  An iron giant (Depths:3)
  9 tentacled monstrosities
  A Hell Sentinel (Depths:3)
  5 liches
  Mlioglotl (Spider:4)
  The ghost of epsilonplus the Slayer, an adept FoGl of Wu Jian (Depths:1)
  20 Orb Guardians (Zot:5)
  Zenata (Crypt:2)
  2 acid blobs (Depths:1)
  A walking frostbound tome (Depths:4)
  A walking earthen tome (Depths:3)
  5 titans
  A quicksilver dragon (Zot:5)
  2 sphinxes
  8 ancient champions
  A quicksilver dragon (shapeshifter) (Vaults:5)
  2 deep elf blademasters
  Kirke (D:12)
  The ghost of Otiptot the Executioner, an adept MiBe of Trog (Spider:3)
  3 death cobs
  A shadow dragon (Vaults:5)
  9 storm dragons
  5 revenants
  7 tengu reavers
  Donald (Shoals:1)
  A daeva (Shoals:4)
  5 draconian monks
  7 fire giants
  A rockslime (Depths:1)
  An azure jelly (Depths:1)
  10 frost giants
  2 draconian knights
  19 vault wardens
  3 draconian scorchers
  7 emperor scorpions (Spider:4)
  The ghost of Zays the Fighter, an adept GrEE of Okawaru (Shoals:2)
  3 iron dragons
  2 caustic shrike zombies
  A juggernaut zombie (Depths:1)
  3 deep elf sorcerers (Vaults:5)
  5 ghost moths
  A balrug (Depths:4)
  10 ghouls
  4 orc warlords
  A curse skull (Vaults:3)
  3 reapers
  2 draconian shifters
  3 war gargoyles
  8 spectral caustic shrikes
  22 ironbound preservers
  A quicksilver ooze (shapeshifter) (Vaults:3)
  2 draconian annihilators (Zot:2)
  5 quicksilver oozes
  A draconian stormcaller (Zot:4)
  14 vampire knights
  16 stone giants
  A demonspawn corrupter (Zot:5)
  A broodmother (Spider:2)
  23 very ugly things
  6 ironbound thunderhulks
  13 dire elephants
  A black draconian (Zot:2)
  A green draconian (Zot:4)
  3 white draconians
  5 purple draconians
  A bunyip (shapeshifter) (Vaults:5)
  9 red draconians
  4 yellow draconians
  6 halazid warlocks (WizLab)
  4 deep elf annihilators
  4 spark wasps
  3 eidola
  8 ettins
  2 spectral quicksilver dragons (WizLab)
  10 deep elf death magi
  20 yaktaur captains
  13 jiangshi
  4 merfolk javelineers (Shoals:4)
  13 merfolk impalers
  11 fire dragons
  10 entropy weavers
  31 vault guards
  3 quicksilver dragon zombies
  9 ice dragons
  11 great orbs of eyes
  A rakshasa (Depths:3)
  Harold (Lair:2)
  The ghost of riojii the Martial Artist, a journeyman DsSh of Qazlal (Lair:1)
  3 deep elf high priests (Vaults:5)
  2 catoblepae
  9 hydras
  A death knight (Crypt:1)
  A sphinx zombie (Depths:1)
  A jorogumo (Spider:3)
  A peacekeeper (Vaults:3)
  4 radroaches
  A spriggan air mage (Depths:3)
  4 merfolk aquamancers (Shoals:4)
  5 ogre magi
  A satyr (Shoals:2)
  30 dancing weapons
  A merfolk avatar (Shoals:3)
  19 two-headed ogres
  10 boulder beetles
  8 ironbound frosthearts
  7 death yaks
  3 deep troll shamans
  15 centaur warriors
  8 demonic crawlers
  4 deep troll earth magi
  4 tengu warriors
  2 orc high priests
  3 spriggans (Depths:3)
  12 vampire magi
  5 spriggan berserkers
  3 hell knights (Vaults:5)
  4 storm dragon zombies
  15 deep elf knights
  A sun demon (Depths:4)
  13 skeletal warriors
  2 soul eaters (Crypt:1)
  7 skysharks
  A titan skeleton (Crypt:3)
  8 pharaoh ants
  2 fire crabs (shapeshifter)
  2 sun moths (Spider:2)
  2 swamp dragons (shapeshifter)
  A fire crab (D:15)
  5 shadow wraiths
  72 deep trolls
  3 spark wasp zombies
  A death drake (shapeshifter) (Elf:2)
  11 sea snakes
  5 flayed ghosts
  Lodul (D:14)
  A golden dragon zombie (Crypt:3)
  3 iron trolls (Depths:3)
  8 glowing orange brains
  A cherub (Shoals:4)
  A storm dragon skeleton (Crypt:1)
  A shadow demon (Zot:5)
  14 orb spiders
  3 bog bodies
  An orange crystal statue (Depths:1)
  A lindwurm (shapeshifter) (Vaults:3)
  2 bunyip skeletons
  13 deep elf archers
  13 ironbound convokers
  8 lindwurms
  9 wizards
  An orb spider (shapeshifter) (Depths:1)
  18 phantasmal warriors
  21 harpies
  4 necromancers
  A spectral wolf spider (WizLab)
  A shadow dragon zombie (Crypt:1)
  7 steelbarb worms
  9 orc knights
  5 wolf spider zombies
  2 tengu zombies (Depths:1)
  A mana viper (shapeshifter) (Vaults:3)
  A harpy (shapeshifter) (D:14)
  7 orc sorcerers
  37 deep elf pyromancers
  25 deep elf zephyrmancers
  2 iron dragon zombies
  An oklob plant (Lair:4)
  A spectral spriggan (WizLab)
  5 stone giant zombies
  11 fauns
  37 ugly things
  25 wolf spiders
  A fire giant zombie (Depths:1)
  2 goliath frog skeletons (Crypt:3)
  17 cyclopes
  2 frost giant zombies (Depths:1)
  3 salamanders
  6 elephants (Lair:4)
  13 moths of wrath
  8 manticores
  A guardian serpent (Lair:5)
  A frost giant skeleton (Crypt:3)
  14 vault sentinels
  2 centaur zombies (Crypt:3)
  2 dire elephant zombies
  4 gargoyles
  4 merfolk sirens
  A cane toad (shapeshifter) (Elf:3)
  2 eyes of devastation (Depths:1)
  12 black mambas
  3 torpor snails
  4 water nymphs
  24 cane toads
  9 molten gargoyles
  An unseen horror (shapeshifter) (Elf:2)
  A black draconian zombie (Crypt:3)
  An ice statue (IceCv)
  A smoke demon (Depths:4)
  A hellion (Depths:3)
  3 unseen horrors
  A pale draconian zombie (Crypt:3)
  11 rime drakes
  A kobold demonologist (D:11)
  A yellow draconian zombie (Crypt:2)
  31 yaktaurs
  An alligator snapping turtle skeleton (Crypt:2)
  2 freezing wraiths (Vaults:5)
  2 efreet (Volcano)
  A red draconian skeleton (Crypt:1)
  A minotaur zombie (Crypt:3)
  Maggie (Lair:1)
  12 komodo dragons
  6 tengu conjurers
  A purple draconian skeleton (Crypt:1)
  14 merfolk
  A mana viper zombie (Crypt:2)
  A merfolk (shapeshifter) (Vaults:3)
  A harpy skeleton (Crypt:3)
  A spectral harpy (WizLab)
  3 meliai (Spider:4)
  10 trolls
  3 hornets (Depths:3)
  A wind drake (shapeshifter) (Elf:1)
  27 tarantellas
  9 polar bears
  A culicivora zombie (Crypt:1)
  4 wind drakes
  8 saltlings (Orc:2)
  5 spriggan zombies
  23 blink frogs
  21 dream sheep
  5 snapping turtles
  3 ettin zombies (Depths:1)
  A hornet (shapeshifter) (Elf:3)
  A fire dragon zombie (Crypt:3)
  An ice dragon zombie (Crypt:2)
  A jumping spider (shapeshifter) (Elf:2)
  36 slime creatures
  10 flying skulls (WizLab)
  36 jumping spiders
  23 vampires
  10 wraiths
  A culicivora (shapeshifter) (Elf:3)
  55 yaks
  27 culicivoras
  3 air elementals
  4 shadows
  A wyvern (shapeshifter) (Vaults:5)
  4 water elementals
  A black mamba skeleton (Crypt:1)
  6 wyverns
  4 fire elementals
  7 vampire mosquitoes
  5 hogs (D:12)
  A hog (shapeshifter) (Vaults:5)
  A steam dragon (shapeshifter) (Vaults:5)
  6 basilisks
  63 redbacks
  A swamp worm (shapeshifter) (Vaults:3)
  4 steam dragons
  4 wargs
  2 glowing shapeshifter zombies (Depths:1)
  2 acid dragons
  4 hell hounds (Lair:5)
  2 naga zombies (Crypt:3)
  17 water moccasins
  4 black bears
  4 sky beasts
  An elephant zombie (Crypt:2)
  An ice beast (D:6)
  26 orc warriors
  5 boggarts (Vaults:3)
  10 wolves
  24 ogres
  A snapping turtle skeleton (Crypt:1)
  18 centaurs
  A swamp dragon skeleton (Crypt:2)
  A phantom (D:7)
  5 kobold brigands
  9 bullfrogs
  2 necrophages
  3 earth elementals (Elf:2)
  A gnoll sergeant (D:7)
  A salamander skeleton (Crypt:1)
  7 scorpions
  10 wights
  12 killer bees
  A warg skeleton (Crypt:1)
  3 electric eels (D:13)
  2 howler monkeys (D:8)
  4 lava snakes (Lair:5)
  A basilisk zombie (Crypt:2)
  2 gnoll boudas
  2 jellies
  18 orc priests
  Crazy Yiuf (D:2)
  3 hounds (D:6)
  2 centaur skeletons (Crypt:1)
  4 iguanas
  25 orc wizards
  10 gnolls
  7 adders
  A worm (D:2)
  4 dart slugs
  50 orcs
  8 ball pythons
  6 endoplasms
  A giant cockroach (D:3)
  4 goblins
  8 hobgoblins
  7 jackals
  14 kobolds
  3 bats
  An endoplasm zombie (Crypt:3)
  3 frilled lizards
  A goblin skeleton (Crypt:3)
  A goblin zombie (Crypt:3)
  5 rats
2195 creatures vanquished.

Vanquished Creatures (others)
  A deep elf knight (Elf:1)
  A necromancer (Crypt:3)
  A faun (Shoals:2)
  A merfolk siren (Shoals:4)
  A water elemental (Elf:2)
  A yak (IceCv)
  A hell hound (Lair:5)
  An ogre (Vaults:5)
  An orc priest (Orc:2)
  An orc wizard (D:5)
  2 orcs (Orc:1)
12 creatures vanquished.

Grand Total: 2207 creatures vanquished

Notes
Turn   | Place    | Note
-------+----------+-------------------------------------------
     0 | D:1      | elliptic the Hill Orc Reaver began the quest for the Orb.
     0 | D:1      | Reached XP level 1. HP: 18/18 MP: 3/3
   249 | D:1      | Reached XP level 2. HP: 17/25 MP: 4/4
   284 | D:1      | Learned a level 2 spell: Momentum Strike
  1107 | D:2      | Reached XP level 3. HP: 15/27 MP: 3/5
  1473 | D:2      | Found a runed translucent door.
  1474 | D:2      | Noticed Crazy Yiuf
  1480 | D:2      | Reached skill level 6 in Axes
  1664 | D:2      | Found Hyankase's Jewellery Boutique.
  1737 | D:2      | Reached skill level 3 in Fighting
  1738 | D:2      | Reached XP level 4. HP: 37/38 MP: 6/6
  3094 | D:3      | Reached skill level 4 in Fighting
  3158 | D:4      | Reached XP level 5. HP: 47/47 MP: 7/7
  3459 | D:4      | Found a staircase to the Ecumenical Temple.
  3475 | Temple   | Entered the Ecumenical Temple
  3498 | Temple   | Upgraded the game from 0.31-a0-799-g6bc09d010c to
                  | 0.31-a0-803-g95b03c3367
  3498 | Temple   | Upgraded the game from 0.31-a0-803-g95b03c3367 to
                  | 0.31-a0-806-g0bc164a743
  3500 | Temple   | Became a worshipper of Warmaster Okawaru
  3557 | D:4      | Reached XP level 6. HP: 53/53 MP: 8/8
  3578 | D:4      | hm
  3891 | D:5      | Entered Level 5 of the Dungeon
  3905 | D:5      | sigh
  4138 | D:5      | why
  4281 | D:6      | Reached skill level 9 in Axes
  4411 | D:6      | Reached * piety under Okawaru
  4412 | D:6      | Reached XP level 7. HP: 42/60 MP: 9/9
  4500 | D:6      | Reached skill level 1 in Invocations
  4741 | D:6      | Reached skill level 5 in Fighting
  4902 | D:5      | okay
  5037 | D:5      | Reached ** piety under Okawaru
  5038 | D:5      | Reached XP level 8. HP: 68/68 MP: 10/10
  5178 | D:5      | Reached skill level 12 in Axes
  5258 | D:5      | Reached skill level 6 in Fighting
  5486 | D:6      | Noticed a yak
  5495 | D:6      | Killed a yak
  5500 | D:6      | Reached XP level 9. HP: 51/75 MP: 9/11
  5579 | D:6      | Noticed an unseen horror
  5591 | D:6      | Killed an unseen horror
  5591 | D:6      | Reached *** piety under Okawaru
  5861 | D:7      | Reached skill level 7 in Fighting
  5869 | D:7      | Reached skill level 3 in Armour
  5914 | D:7      | Found a shimmering altar of Xom.
  6079 | D:7      | Reached skill level 15 in Axes
  6101 | D:7      | Reached **** piety under Okawaru
  6223 | D:2      | Bought a +4 ring of protection for 360 gold pieces
  6376 | D:7      | Found Exa Elai's Jewellery Shop.
  6458 | D:7      | Reached skill level 8 in Fighting
  6603 | D:7      | Found a broken altar of Ashenzari.
  6781 | D:7      | Reached XP level 10. HP: 85/88 MP: 12/12
  6917 | D:8      | Reached skill level 3 in Invocations
  6936 | D:8      | Noticed a two-headed ogre
  6943 | D:8      | Killed a two-headed ogre
  6944 | D:8      | Reached skill level 6 in Armour
  6946 | D:8      | Killed an unseen horror
  6946 | D:8      | Reached ***** piety under Okawaru
  6946 | D:8      | Received a gift from Okawaru
  7271 | D:8      | Reached skill level 6 in Invocations
  7394 | D:8      | Noticed a two-headed ogre
  7398 | D:8      | ...
  7473 | D:8      | Killed a two-headed ogre
  7474 | D:8      | Reached skill level 9 in Invocations
  7712 | D:8      | Found a blossoming altar of Fedhas.
  7714 | D:8      | Identified the ring "Nilamo Salell" {rC- Will++ Int+2 Dex-5
                  | Slay+4}
  7716 | D:8      | I guess
  7792 | D:8      | Found a glowing golden altar of the Shining One.
  7910 | D:9      | Reached XP level 11. HP: 92/95 MP: 17/17
  8084 | D:12     | Noticed Kirke
  8085 | D:12     | hi
  8095 | D:12     | Noticed a white ugly thing
  8096 | D:12     | hm
  8105 | D:12     | Killed a white ugly thing
  8105 | D:12     | Noticed a lindwurm
  8106 | D:12     | Reached skill level 9 in Fighting
  8109 | D:12     | Received a gift from Okawaru
  8125 | D:12     | Killed Kirke
  8193 | D:11     | Reached skill level 10 in Fighting
  8193 | D:11     | Reached skill level 9 in Armour
  8227 | D:11     | Found a portal to a secret trove of treasure.
  8234 | D:11     | Noticed a two-headed ogre
  8243 | D:11     | Killed a two-headed ogre
  8272 | D:11     | Found a frozen archway.
  8299 | IceCv    | Entered an ice cave
  8309 | IceCv    | Reached skill level 11 in Fighting
  8330 | IceCv    | Received a gift from Okawaru
  8334 | IceCv    | Noticed a death yak
  8337 | IceCv    | Noticed a death yak
  8346 | IceCv    | Killed a death yak
  8348 | IceCv    | Killed a death yak
  8349 | IceCv    | Reached XP level 12. HP: 101/112 MP: 16/18
  8393 | IceCv    | Noticed a death yak
  8397 | IceCv    | Killed a death yak
  8398 | IceCv    | Reached skill level 12 in Fighting
  8463 | IceCv    | hm
  8544 | IceCv    | Noticed a death yak
  8556 | IceCv    | Killed a death yak
  8563 | IceCv    | Received a gift from Okawaru
  8583 | IceCv    | Reached skill level 13 in Fighting
  8597 | IceCv    | Noticed a death yak
  8597 | IceCv    | Noticed a frost giant
  8598 | IceCv    | hm
  8623 | IceCv    | Killed a death yak
  8624 | IceCv    | Reached skill level 12 in Armour
  8642 | IceCv    | Killed a frost giant
  8875 | D:10     | Entered Level 10 of the Dungeon
  8941 | D:10     | Gained mutation: You are resistant to electric shocks.
                  | (rElec) [potion of mutation]
  8941 | D:10     | Gained mutation: You possess an exceptional clarity of
                  | mind. [potion of mutation]
  9026 | D:10     | Found a roughly hewn altar of Beogh.
  9026 | D:10     | Found a staircase to the Orcish Mines.
  9062 | D:10     | Received a gift from Okawaru
  9137 | D:10     | Reached skill level 14 in Fighting
  9191 | D:10     | Identified the +5 ring mail of Minor Irritation {rElec rC-
                  | Str+4}
  9251 | D:10     | Reached XP level 13. HP: 121/124 MP: 19/19
  9812 | D:10     | Found a staircase to the Lair.
 10098 | D:10     | Found a shimmering blue altar of Sif Muna.
 10540 | D:11     | Reached ****** piety under Okawaru
 10542 | D:11     | Acquired the +1 pair of boots "Kaulod Roku" {Rampage Str+5
                  | Dex+5}
 10542 | D:11     | Received a gift from Okawaru
 10555 | D:11     | Acquired a +5 heavy executioner's axe
 10555 | D:11     | Received a gift from Okawaru
 10603 | Trove    | Entered a treasure trove
 10607 | Trove    | Found the +0 pair of fencer's gloves {Riposte Dex+3}
 10611 | Trove    | Identified the +1 ring mail of the Lost Path {Will+ Slay+2}
 10616 | Trove    | Identified the scarf of Indecent Exposure {shadows, Harm
                  | Will+ rCorr Dex-5}
 10620 | Trove    | Identified the +2 pair of gloves "Myrrimn" {Will+}
 10634 | Trove    | Identified the +1 pair of boots of Theory {Rampage rCorr}
 10640 | Trove    | Identified the +1 helmet "Dootecs" {Dex+4 SInv}
 10643 | Trove    | Identified the +2 pair of boots of Bany {rC+ rCorr}
 10646 | Trove    | Identified the +0 buckler of Creativity {Fly rF++ rCorr
                  | Str-3}
 10649 | Trove    | Identified the +2 pair of gloves of Tuvimih {Will+}
 11001 | D:12     | Found Noocat's Antique Weapon Shoppe.
 11253 | D:12     | Reached skill level 18 in Axes
 11922 | D:2      | Killed Crazy Yiuf
 12123 | Lair:1   | Entered Level 1 of the Lair of Beasts
 12315 | Lair:1   | Reached skill level 3 in Dodging
 12588 | Lair:1   | Reached XP level 14. HP: 132/132 MP: 20/20
 12600 | Lair:1   | Found a runed translucent door.
 12603 | Lair:1   | Found a shimmering altar of Xom.
 12603 | Lair:1   | Noticed riojii's ghost (journeyman DsSh)
 12625 | Lair:1   | Killed riojii's ghost
 12699 | Lair:1   | Noticed Maggie
 12705 | Lair:1   | Killed Maggie
 12928 | Lair:2   | Noticed Harold
 12943 | Lair:2   | Killed Harold
 13216 | Lair:2   | Found a hole to the Spider Nest.
 13251 | Lair:2   | Received a gift from Okawaru
 13252 | Lair:2   | Reached skill level 15 in Fighting
 13842 | Lair:3   | Found a dark tunnel.
 13850 | Volcano  | Entered a volcano
 14007 | Volcano  | Received a gift from Okawaru
 14092 | Volcano  | Noticed an orb of fire
 14197 | Volcano  | Noticed an orb of fire
 14209 | Volcano  | Reached skill level 16 in Fighting
 14535 | D:7      | Bought the ring "Jiew" {Will+ Str+6 Dex+6 Stlth+} for 704
                  | gold pieces
 14953 | Lair:3   | Found a staircase to the Shoals.
 15493 | Lair:4   | Reached skill level 6 in Dodging
 15617 | Lair:4   | Reached XP level 15. HP: 142/144 MP: 22/22
 15676 | Lair:4   | Received a gift from Okawaru
 16048 | Lair:5   | Entered Level 5 of the Lair of Beasts
 16267 | Lair:5   | Identified the +9 dagger "Cookie Cutter" {heavy, Str+2}
 16377 | Lair:5   | Reached skill level 9 in Dodging
 16395 | Lair:5   | Received a gift from Okawaru
 16561 | Lair:5   | Found a runed translucent door.
 16561 | Lair:5   | Found a viscous altar of Jiyva.
 16562 | Lair:5   | Found a staircase to the Slime Pits.
 16615 | Lair:5   | Identified the +1 ring mail of Feser {rPois}
 16869 | Lair:5   | Found the +3 pair of seven-league boots {Rampage+∞}
 16958 | Lair:5   | Reached skill level 12 in Invocations
 16968 | Lair:5   | Found a large runed translucent door.
 16968 | Lair:5   | Found a large runed translucent door.
 17320 | Orc:1    | Entered Level 1 of the Orcish Mines
 17458 | Orc:1    | Received a gift from Okawaru
 17685 | Orc:1    | Found Qucviguq's Antique Weapon Shoppe.
 17715 | Orc:2    | Entered Level 2 of the Orcish Mines
 17785 | Orc:2    | Reached skill level 15 in Armour
 17855 | Orc:2    | Found a staircase to the Elven Halls.
 18124 | Orc:2    | Reached XP level 16. HP: 149/152 MP: 25/25
 18141 | Orc:2    | Found Cokh's General Store.
 18141 | Orc:2    | Found a roughly hewn altar of Beogh.
 18144 | Orc:2    | Found Buot's General Store.
 18148 | Orc:2    | Received a gift from Okawaru
 18153 | Orc:2    | Bought a potion of haste for 160 gold pieces
 18373 | Orc:2    | Found Eczimpo's General Store.
 18419 | Orc:2    | Found Gosuuniy's Assorted Antiques.
 18425 | Orc:2    | Bought a scroll labelled GUS TO AGOSACOWNI for 29 gold
                  | pieces
 18426 | Orc:2    | Acquired 512 gold pieces
 18447 | Orc:2    | Bought 2 scrolls of acquirement for 1248 gold pieces
 18447 | Orc:2    | Acquired the +2 helmet "Xyudumn" {-Cast rElec rN+++ Str+2}
 18459 | Orc:2    | Acquired 962 gold pieces
 18480 | Orc:2    | Bought a scroll of blinking for 120 gold pieces
 18781 | D:13     | Found a hide-covered altar of Uskayaw.
 18825 | D:13     | Received a gift from Okawaru
 19214 | D:14     | Noticed Lodul
 19219 | D:14     | Killed Lodul
 19322 | D:14     | Reached skill level 17 in Fighting
 19385 | D:14     | Found a glowing silver altar of Zin.
 19537 | D:14     | Received a gift from Okawaru
 19632 | D:14     | Found a gate to the Vaults.
 19852 | D:15     | Entered Level 15 of the Dungeon
 20152 | D:15     | Found a sacrificial altar of Ru.
 20217 | D:15     | Found a staircase to the Depths.
 20574 | Spider:1 | Entered Level 1 of the Spider Nest
 20596 | Spider:1 | Received a gift from Okawaru
 20617 | Spider:1 | Reached XP level 17. HP: 144/163 MP: 21/26
 20792 | Spider:1 | Received a gift from Okawaru
 21197 | Spider:1 | Reached skill level 18 in Fighting
 21460 | Spider:2 | Reached skill level 21 in Axes
 21559 | Spider:2 | Received a gift from Okawaru
 21708 | Spider:2 | Received a gift from Okawaru
 22234 | Spider:3 | Found a runed translucent door.
 22235 | Spider:3 | Noticed Otiptot's ghost (adept MiBe)
 22246 | Spider:3 | Killed Otiptot's ghost
 22296 | Spider:3 | Identified the staff of the Saviour {+Blink rF+ rCorr Int+3
                  | Fire}
 22309 | Spider:3 | Reached XP level 18. HP: 174/174 MP: 27/27
 22440 | Spider:3 | probably not?
 22596 | Spider:4 | Entered Level 4 of the Spider Nest
 22596 | Spider:4 | Noticed Mlioglotl
 22601 | Spider:4 | Killed Mlioglotl
 22664 | Spider:4 | Reached skill level 19 in Fighting
 22779 | Spider:4 | Received a gift from Okawaru
 23288 | Spider:4 | Reached skill level 12 in Dodging
 23353 | Spider:4 | Received a gift from Okawaru
 23415 | Spider:4 | Got a gossamer rune of Zot
 24508 | Shoals:1 | Entered Level 1 of the Shoals
 24517 | Shoals:1 | Noticed Donald
 24529 | Shoals:1 | Killed Donald
 24778 | Shoals:1 | Reached skill level 18 in Armour
 25107 | Shoals:2 | Received a gift from Okawaru
 25377 | Shoals:2 | Found a runed translucent door.
 25635 | Shoals:2 | Noticed Zays's ghost (adept GrEE)
 25646 | Shoals:2 | Killed Zays's ghost
 25825 | Shoals:3 | Reached XP level 19. HP: 163/184 MP: 28/28
 25905 | Shoals:3 | Received a gift from Okawaru
 26256 | Shoals:4 | Entered Level 4 of the Shoals
 26340 | Shoals:4 | Identified the +1 robe of the Unbroken {rElec Stlth+}
 26401 | Shoals:4 | Found a white marble altar of Elyvilon.
 26404 | Shoals:4 | Reached skill level 20 in Fighting
 26408 | Shoals:4 | oh nice
 26635 | Shoals:4 | Found a glowing golden altar of the Shining One.
 26702 | Shoals:4 | Received a gift from Okawaru
 26820 | Shoals:4 | Got a barnacled rune of Zot
 26864 | Shoals:4 | Found a glowing silver altar of Zin.
 27177 | Elf:1    | Entered Level 1 of the Elven Halls
 27528 | Elf:2    | Received a gift from Okawaru
 27626 | Elf:2    | Noticed Norris
 27642 | Elf:2    | Killed Norris
 27777 | Elf:2    | Received a gift from Okawaru
 27912 | Elf:2    | Found a runed translucent gate.
 27912 | Elf:2    | Found a runed translucent gate.
 27913 | Elf:2    | Found a runed translucent gate.
 27989 | Elf:2    | Identified the +4 dagger of Woe {flame, Fragile rPois
                  | Dex+7}
 28005 | Elf:2    | Reached XP level 20. HP: 164/195 MP: 29/29
 28461 | Elf:1    | Found Lupuwk's Jewellery Shoppe.
 28629 | Elf:2    | Reached skill level 21 in Fighting
 28926 | Elf:3    | Entered Level 3 of the Elven Halls
 28927 | Elf:3    | oh
 28947 | Elf:3    | Paralysed by an air elemental for 1 turns
 28961 | Elf:3    | Received a gift from Okawaru
 28996 | Elf:3    | Reached skill level 24 in Axes
 29389 | Elf:3    | Found Gipics Lura's Jewellery Emporium.
 29499 | Elf:3    | Received a gift from Okawaru
 29634 | Elf:3    | Identified the +2 whip of Noon {drain, *Rage Int+3 Stlth+}
 29689 | Elf:3    | hi
 29689 | Elf:3    | not this game
 29941 | Vaults:1 | Entered Level 1 of the Vaults
 29943 | Vaults:1 | Identified the +5 rapier of Zoisu {flame, Contam Will+
                  | SInv}
 30311 | Vaults:1 | Found Vivao's Armour Shoppe.
 30481 | Vaults:2 | Received a gift from Okawaru
 30643 | Vaults:2 | Found a flickering gateway to a bazaar.
 30661 | Bazaar   | Entered a bazaar
 30675 | Bazaar   | Found Ogokhla's Magic Scroll Shoppe.
 30691 | Bazaar   | Found Haxel's Jewellery Shoppe.
 30707 | Bazaar   | Found Wifoe's Weapon Shoppe.
 30707 | Bazaar   | Found Wirghij's Armour Emporium.
 30778 | Bazaar   | Bought a scroll of revelation for 82 gold pieces
 30778 | Bazaar   | Bought a scroll of teleportation for 33 gold pieces
 30778 | Bazaar   | eh
 30829 | Vaults:2 | Reached skill level 22 in Fighting
 30963 | Vaults:2 | Reached XP level 21. HP: 174/207 MP: 24/30
 30970 | Vaults:2 | Received a gift from Okawaru
 30991 | Vaults:2 | Identified the +0 chain mail of Polish {rPois rF+ Stlth-}
 30994 | Vaults:2 | Found a transporter.
 30998 | Vaults:2 | Found Ostreneju's Book Shop.
 31001 | Vaults:2 | Found a transporter.
 31015 | Vaults:2 | Found Satuuth's Magic Scroll Boutique.
 31023 | Vaults:2 | Bought a scroll of blinking for 120 gold pieces
 31023 | Vaults:2 | Bought a scroll of blinking for 120 gold pieces
 31023 | Vaults:2 | Bought a scroll of teleportation for 48 gold pieces
 31023 | Vaults:2 | Bought a scroll of blinking for 120 gold pieces
 31023 | Vaults:2 | Bought a scroll of teleportation for 48 gold pieces
 31423 | Vaults:2 | Found Hiusatupp's Antique Armour Emporium.
 31450 | Vaults:2 | Found Ligierch's Book Boutique.
 31572 | Vaults:2 | Reached skill level 15 in Dodging
 31577 | Vaults:2 | Received a gift from Okawaru
 31941 | Vaults:2 | Reached skill level 21 in Armour
 32219 | Vaults:3 | Received a gift from Okawaru
 32405 | Vaults:3 | Reached skill level 23 in Fighting
 32487 | Vaults:3 | Received a gift from Okawaru
 32608 | Vaults:3 | Reached XP level 22. HP: 212/220 MP: 31/31
 32870 | Vaults:3 | Got an engraved book
 32989 | Vaults:3 | Found a staircase to the Crypt.
 33272 | Vaults:4 | Received a gift from Okawaru
 33939 | Vaults:4 | Found a runed translucent door.
 34034 | Vaults:4 | Reached skill level 24 in Fighting
 34035 | Vaults:4 | Received a gift from Okawaru
 34238 | Crypt:1  | Entered Level 1 of the Crypt
 34276 | Crypt:1  | Noticed Vv
 34289 | Crypt:1  | Killed Vv
 34331 | Crypt:1  | Found a magical portal.
 34363 | WizLab   | Entered Borgnjor's Mausoleum
 34406 | WizLab   | Received a gift from Okawaru
 34666 | WizLab   | Received a gift from Okawaru
 34697 | WizLab   | Acquired 698 gold pieces
 34701 | WizLab   | Got a foxed book
 34814 | Crypt:1  | Reached XP level 23. HP: 221/232 MP: 32/32
 34816 | Crypt:1  | Reached skill level 25 in Fighting
 34897 | Crypt:1  | Identified the +0 hat of the Planets {+Blink Str+3 Int+2}
 35553 | Crypt:2  | Received a gift from Okawaru
 35605 | Crypt:2  | Noticed Zenata
 35610 | Crypt:2  | Killed Zenata
 36238 | Crypt:3  | Entered Level 3 of the Crypt
 36238 | Crypt:3  | Noticed a dread lich
 36238 | Crypt:3  | Found a staircase to the Tomb.
 36246 | Crypt:3  | Killed a dread lich
 36258 | Crypt:3  | Received a gift from Okawaru
 36444 | Crypt:3  | Reached skill level 26 in Fighting
 36460 | Crypt:3  | Noticed Mennas
 36461 | Crypt:3  | hi
 36477 | Crypt:3  | Killed Mennas
 36478 | Crypt:3  | Reached skill level 18 in Dodging
 36513 | Crypt:3  | Received a gift from Okawaru
 37079 | Crypt:3  | Noticed Jory
 37086 | Crypt:3  | Killed Jory
 37086 | Crypt:3  | Received a gift from Okawaru
 37115 | Crypt:3  | Identified the staff "Ynafraul" {rElec rC+ Str+4 Dex+3 Air}
 37542 | Depths:1 | Entered Level 1 of the Depths
 37641 | Depths:1 | Found a runed translucent gate.
 37643 | Depths:1 | Found a runed translucent gate.
 37643 | Depths:1 | Found a runed translucent gate.
 37644 | Depths:1 | Noticed epsilonplus's ghost (adept FoGl)
 37647 | Depths:1 | Found a viscous altar of Jiyva.
 37805 | Depths:1 | Reached XP level 24. HP: 247/247 MP: 32/32
 37910 | Depths:1 | Received a gift from Okawaru
 38011 | Depths:1 | Found a shadowy altar of Dithmenos.
 38038 | Depths:1 | Reached skill level 27 in Fighting
 38071 | Depths:1 | Found a basalt altar of Yredelemnul.
 38117 | Depths:1 | Found a gateway to Hell.
 38785 | Depths:1 | Killed epsilonplus's ghost
 38800 | Depths:1 | Identified the +0 buckler of Darkness {SInv}
 38807 | Depths:1 | Reached XP level 25. HP: 257/257 MP: 31/32
 38983 | Depths:2 | Received a gift from Okawaru
 39226 | Depths:2 | Found a one-way gateway to a ziggurat.
 39621 | Depths:2 | Found a one-way gate leading to the halls of Pandemonium.
 39774 | Depths:3 | Identified the +2 ring mail of Vanity {Dex+4}
 39838 | Depths:4 | Entered Level 4 of the Depths
 39906 | Depths:3 | Identified the +6 dagger of Reapportionment {freeze, rPois
                  | Str+3}
 39956 | Depths:3 | Received a gift from Okawaru
 39997 | Depths:3 | Noticed a juggernaut
 40001 | Depths:3 | Reached skill level 21 in Dodging
 40005 | Depths:3 | Killed a juggernaut
 40097 | Depths:3 | Got the +1 eveningstar of Conscience {heavy, Will+ Str+4}
 40146 | Depths:3 | Found a one-way gate to the infinite horrors of the Abyss.
 40185 | Depths:3 | Found a runed translucent gate.
 40185 | Depths:3 | Found a runed translucent gate.
 40185 | Depths:3 | Found a runed translucent gate.
 40185 | Depths:3 | Noticed a dread lich
 40186 | Depths:3 | Found an ancient bone altar of Kikubaaqudgha.
 40186 | Depths:3 | Noticed a dread lich
 40186 | Depths:3 | Noticed quakins's ghost (veteran TrSh)
 40611 | Depths:3 | Reached XP level 26. HP: 266/266 MP: 26/32
 40614 | Depths:3 | Killed a dread lich
 40620 | Depths:3 | Killed a dread lich
 40620 | Depths:3 | Received a gift from Okawaru
 40626 | Depths:3 | Killed quakins's ghost
 40642 | Depths:3 | Identified the +0 hat "Vesulec" {rF++}
 40648 | Depths:3 | Identified the ring of Ethics {rF+ rC++ MP+9 Str-3 Stlth+}
 40654 | Depths:3 | Identified the +9 falchion "Widowermaker" {pain, rElec
                  | Will+ Str+2}
 40831 | Depths:4 | Found a gate to the Realm of Zot.
 41064 | Depths:4 | Found Ozech's Antique Weapon Emporium.
 41714 | Vaults:5 | Entered Level 5 of the Vaults
 41715 | Vaults:5 | Noticed an ancient lich
 41765 | Vaults:5 | Reached skill level 15 in Invocations
 41780 | Vaults:5 | Received a gift from Okawaru
 41819 | Vaults:5 | Noticed an ancient lich
 41829 | Vaults:5 | Killed an ancient lich
 41961 | Vaults:5 | Received a gift from Okawaru
 41970 | Vaults:5 | Noticed an ancient lich
 41978 | Vaults:5 | Killed an ancient lich
 41979 | Vaults:5 | Reached skill level 18 in Invocations
 42009 | Vaults:5 | Noticed an ancient lich
 42015 | Vaults:5 | Killed an ancient lich
 42021 | Vaults:5 | Reached XP level 27. HP: 227/273 MP: 36/36
 42202 | Vaults:2 | Bought a manual of Throwing for 1760 gold pieces
 42375 | Vaults:5 | Found Laoculudgh's Armour Emporium.
 42377 | Vaults:5 | Reached skill level 1 in Throwing
 42379 | Vaults:5 | Identified the +1 rapier of Syajonk {venom, +Blink rPois
                  | Str-3 Int+9}
 42412 | Vaults:5 | Killed an ancient lich
 42412 | Vaults:5 | Received a gift from Okawaru
 42504 | Vaults:5 | Got a silver rune of Zot
 42559 | Vaults:5 | Noticed a dread lich
 42563 | Vaults:5 | Reached skill level 6 in Throwing
 42565 | Vaults:5 | Killed a dread lich
 42583 | Vaults:5 | Reached skill level 9 in Throwing
 42756 | Vaults:5 | Identified the +7 plate armour "Kykem" {rElec rF++ Int+4}
 42852 | Vaults:5 | Got a yellowed book
 43089 | Vaults:5 | Got an exquisite book
 43571 | Orc:2    | Bought a potion of might for 64 gold pieces
 43589 | Orc:2    | Bought a potion of curing for 48 gold pieces
 43608 | Orc:2    | Bought a potion of curing for 87 gold pieces
 43608 | Orc:2    | Bought a potion of enlightenment for 145 gold pieces
 43946 | Zot:1    | Entered Level 1 of the Realm of Zot
 43954 | Zot:1    | Received a gift from Okawaru
 44006 | Zot:2    | Reached skill level 12 in Throwing
 44014 | Zot:2    | Found the +4 dragonskin cloak
 44014 | Zot:2    | Noticed Tiamat
 44026 | Zot:2    | oh hi
 44036 | Zot:2    | Killed Tiamat
 44195 | Zot:4    | Received a gift from Okawaru
 44278 | Zot:5    | Entered Level 5 of the Realm of Zot
 44540 | Zot:5    | Reached skill level 15 in Throwing
 44612 | Zot:5    | Received a gift from Okawaru
 44641 | Zot:5    | Noticed an orb of fire
 44641 | Zot:5    | Gained mutation: You occasionally lose the ability to read
                  | scrolls when taking damage. [an orb of fire]
 44642 | Zot:5    | Killed an orb of fire
 44642 | Zot:5    | Noticed an orb of fire
 44645 | Zot:5    | Gained mutation: Armour fits poorly on your strangely
                  | shaped body. [an orb of fire]
 44647 | Zot:5    | Killed an orb of fire
 44649 | Zot:5    | Noticed an electric golem
 44657 | Zot:5    | Killed an electric golem
 44668 | Zot:5    | Gained mutation: Your body sometimes deteriorates upon
                  | taking damage. [mutagenic glow]
 44670 | Zot:5    | Lost mutation: Armour fits poorly on your strangely shaped
                  | body. [potion of mutation]
 44670 | Zot:5    | Lost mutation: You possess an exceptional clarity of mind.
                  | [potion of mutation]
 44670 | Zot:5    | Lost mutation: Your body sometimes deteriorates upon taking
                  | damage. [potion of mutation]
 44670 | Zot:5    | Gained mutation: Your spells are a little harder to cast,
                  | but a little more powerful. [potion of mutation]
 44670 | Zot:5    | Gained mutation: You occasionally lose the ability to drink
                  | potions when taking damage. [potion of mutation]
 44671 | Zot:5    | Lost mutation: You occasionally lose the ability to read
                  | scrolls when taking damage. [potion of mutation]
 44671 | Zot:5    | Lost mutation: Your spells are a little harder to cast, but
                  | a little more powerful. [potion of mutation]
 44671 | Zot:5    | Gained mutation: You are partially covered in iridescent
                  | scales. (AC +2) [potion of mutation]
 44671 | Zot:5    | Gained mutation: Armour fits poorly on your strangely
                  | shaped body. [potion of mutation]
 44671 | Zot:5    | Gained mutation: You have a pair of small horns on your
                  | head. [potion of mutation]
 44672 | Zot:5    | Lost mutation: You are partially covered in iridescent
                  | scales. (AC +2) [potion of mutation]
 44672 | Zot:5    | Lost mutation: You occasionally lose the ability to drink
                  | potions when taking damage. [potion of mutation]
 44672 | Zot:5    | Gained mutation: You occasionally shout uncontrollably at
                  | your foes. [potion of mutation]
 44672 | Zot:5    | Gained mutation: Your magical capacity is low. (-10% MP)
                  | [potion of mutation]
 44672 | Zot:5    | Gained mutation: Your mind is acute. (Int +4, Str/Dex -1)
                  | [potion of mutation]
 44673 | Zot:5    | meh
 44697 | Zot:5    | Received a gift from Okawaru
 44717 | Zot:5    | Noticed an electric golem
 44729 | Zot:5    | Killed an electric golem
 44736 | Zot:5    | Noticed an ancient lich
 44739 | Zot:5    | Noticed an orb of fire
 44743 | Zot:5    | Killed an ancient lich
 44751 | Zot:5    | Killed an orb of fire
 44758 | Zot:5    | Got the Orb of Zot
 45297 | D:$      | Escaped with the Orb!

Levels and vault maps discovered:
D:1:      scummos_arrival_star, layout_basic, solitary_fountain
D:2:      layout_basic, serial_shops, shop, minmay_tetromino_t4,
          uniq_crazy_yiuf_cottage
D:3:      layout_loops_corners
D:4:      layout_rooms, minmay_temple_entry_mist, hangedman_feature_mirror
D:5:      layout_rooms
D:6:      kennysheep_big_flooded_room, layout_rooms
D:7:      layout_gridville, nicolae_ashenzari_skybound,
          mainiacjoe_overflow_six_doors_small, serial_shops, shop,
          minmay_diced_spiral
D:8:      layout_gridville, fedhas_bush_and_centaur_altar, tso_altar,
          st_stairs_6
D:9:      layout_loops_ring, hangedman_decor_clover_reticule
D:10:     layout_loops_ring, tgw_sif, dpeg_oklobed_lair, david_orc_5,
          minmay_misc_feat_encased
D:11:     layout_cave_pools, nicolae_trove_entry_isolated, portal_ice_cave_rime,
          hangedman_decor_slide_cut, minmay_shattered_shrine
D:12:     layout_grid_maze, serial_shops, nicolae_diamond_shop, uniq_kirke
D:13:     layout_basic, dancing_weapons_uskayaw
D:14:     layout_basic, david_vaults_1, minmay_curled_crystal, zin_statuary,
          uniq_lodul
D:15:     hangedman_depths_entry_try_elsewhere_first, layout_rooms,
          nicolae_ru_awakened_eye
Temple:   bh_familiar_temple
Lair:1:   layout_long_grid, ebering_ghost_xom, nzn_random_ring, uniq_maggie
Lair:2:   layout_roguey, spider_nest_entry_funnel_web, beast_lair_carwin_4,
          uniq_harold
Lair:3:   layout_chaotic_city, shoals_dummy_entry, enter_volcano_2
Lair:4:   layout_cave_pods, minmay_lair_oklob_items, infiniplex_staircase_pool,
          grunt_megastairs_5
Lair:5:   cheibrodos_lair_end_hotspot, layout_regular_city, slime_entry_2,
          hellmonk_guarded_unrand_seven_league_boots
Shoals:1: layout_shoals, uniq_donald
Shoals:2: layout_shoals, ebering_ghost_reflecting_pool, nicolae_shoals_shepherds
Shoals:3: layout_shoals
Shoals:4: shoals_end_hellmonk_holy_island, serial_shops
Spider:1: layout_cave_pods
Spider:2: layout_spider_delve, nicolae_spider_some_kinda_spiderbox
Spider:3: layout_spider_delve, gammafunk_ghost_grave
Spider:4: grunt_spider_rune_circles, nicolae_spider_circle_web, uniq_mlioglotl
Orc:1:    layout_caves, serial_shops, shop
Orc:2:    hellmonk_orc_salted, layout_diamond_mine
Elf:1:    layout_loops_ring, serial_shops, nicolae_shop_gaudy_bauble,
          hangedman_corner_corridor
Elf:2:    elven_hall_of_blades_hangedman_original
          [nicolae_blade_entry_area_security], layout_loops_cross, uniq_norris
Elf:3:    elf_hall, layout_onion_city, serial_shops, shop, grunt_ministairs_13
Vaults:1: vaults_dpeg_emergency_exit, v_misc_9, ontoclasm_vaults_eye,
          nicolae_vaults_asterisk, hangedman_vaults_locks,
          nicolae_vaults_taking_the_gang_shopping, v_misc_5,
          nicolae_vaults_tetromino_Z_1, layout_vaults_omnigrid
Vaults:2: nicolae_vaults_tetromino_T_2, nicolae_vaults_double_plus_1,
          nicolae_vaults_good_morning_starshine, ontoclasm_vaults_ring_large,
          nicolae_vaults_doubleplus_tesselated, v_misc_5,
          ontoclasm_vaults_pinch, grunt_vaults_twisty, vaults_mumra_hex,
          hangedman_vaults_stitches, nicolae_vaults_tetromino_Z_2,
          nicolae_vaults_six-pack, nicolae_vaults_offset_grid_hallway_4,
          layout_vaults_omnibox, serial_shops, bzr_entry_customers,
          nicolae_shop_just_a_little_nook, nicolae_shop_drivethru,
          nicolae_shop_tiny_statue_garden, shop
Vaults:3: minmay_crypt_entry_simple_box, ontoclasm_vaults_shuriken,
          vaults_room_hallway, nicolae_vaults_loss_of_containment,
          nicolae_vaults_sightless_eye, grunt_vaults_diagonal,
          ontoclasm_vaults_bender, dpeg_vaults_monster_box,
          nicolae_vaults_trapezoid_layered, v_misc_33, hangedman_vaults_maws,
          nicolae_vaults_shelves_hall, nicolae_vaults_gold_heap,
          nicolae_vaults_six-pack, layout_vaults_omnicross
Vaults:4: nicolae_vaults_oozy_zoo, hangedman_vaults_corner,
          nicolae_vaults_turnstiles, v_pattern_3,
          nicolae_vaults_shrinking_rooms_2, v_misc_15, vaults_dpeg_hooks,
          ontoclasm_vaults_claustrophobia, v_misc_4, hangedman_vaults_maws,
          vaults_room_ringed_pool, nicolae_vaults_angled_halls,
          layout_vaults_maze_bifur
Vaults:5
Crypt:1:  layout_basic, mu_enter_wizlab_5, st_stairs_13,
          grunt_crypt_arrival_split, uniq_vv
Crypt:2:  layout_chaotic_city, grunt_megastairs_3, uniq_zenata, uniq_margery
Crypt:3:  due_elkab, layout_chaotic_city, serial_sigils_hangedman_gnaw,
          corexii_hall_statues_t, uniq_mennas
Depths:1: thingy_vault, layout_gridlike, hell_entry, gammafunk_ghost_ooze,
          grunt_dithmenos_smoke, minivault_16, nicolae_yredelemnul_corpse_copse,
          roderic_lattice_octagonal_star
Depths:2: minmay_curly_fans, layout_basic, enter_ziggurat_b,
          pf_hell_entry_tar_river, hangedman_decor_peaks_small,
          grunt_pan_entry_zigzag
Depths:3: minmay_roctagon, layout_gridlike, gammafunk_ghost_crypt,
          abyss_entry_small_statue_room, pf_hell_entry_great_geh,
          kennysheep_cross_room, infiniplex_staircase_trident
Depths:4: grunt_zot_entry_bicorn, layout_long_grid, lightli_too_deep,
          serial_shops, shop, grunt_megastairs_1
Zot:1:    layout_gridlike
Zot:2:    nicolae_zot_draconian_monastery, layout_concentric_octagons,
          grunt_ministairs_2, uniq_tiamat
Zot:3:    layout_cellular_growth
Zot:4:    layout_onion_interference, st_stairs_5
Zot:5:    layout_misc_corridors

Action                     |  1- 3 |  4- 6 |  7- 9 | 10-12 | 13-15 | 16-18 | 19-21 | 22-24 | 25-27 || total
---------------------------+-------+-------+-------+-------+-------+-------+-------+-------+-------++-------
  Melee: Hand axe          |    91 |    39 |       |       |       |       |       |       |       ||   130
         Punch             |     2 |       |     1 |       |       |       |       |       |       ||     3
         War axe           |       |   101 |    57 |       |       |       |       |       |       ||   158
         Battleaxe         |       |       |   127 |   336 |   412 |       |       |       |       ||   875
         Executioner's axe |       |       |       |       |   274 |   676 |   732 |   740 |   660 ||  3082
         Headbutt          |       |       |       |       |       |       |       |       |    21 ||    21
  Throw: Javelin           |       |       |     2 |     2 |       |       |       |       |    16 ||    20
         Dart              |       |       |       |     3 |       |       |       |       |       ||     3
   Cast: Kiss of Death     |     1 |       |       |       |       |       |       |       |       ||     1
 Invoke: Heroism           |       |       |     2 |     8 |       |     1 |     1 |     2 |     4 ||    18
         Finesse           |       |       |       |     2 |       |     9 |     6 |     9 |     9 ||    35
         Receive Weapon    |       |       |       |       |     1 |       |       |       |       ||     1
         Receive Armour    |       |       |       |       |     1 |       |       |       |       ||     1
  Evoke: Wand              |       |       |     6 |     9 |     4 |       |       |       |     2 ||    21
    Use: Scroll            |     5 |     8 |     5 |     7 |     7 |    10 |     3 |     4 |    11 ||    60
         Potion            |       |     2 |       |     1 |     1 |       |     1 |     1 |    14 ||    20
   Stab: Invisible         |       |       |     2 |     2 |       |       |       |       |       ||     4
         Distracted        |       |       |       |       |     1 |       |       |     1 |     1 ||     3
 Armour: Leather armour    |    29 |       |       |       |       |       |       |       |       ||    29
         Ring mail         |    19 |    43 |       |       |       |       |       |       |       ||    62
         Scale mail        |       |    74 |   121 |       |       |       |       |       |       ||   195
         Pearl dragon scal |       |       |       |   222 |       |       |       |       |       ||   222
         Crystal plate arm |       |       |       |    63 |   618 |   694 |   663 |   491 |   480 ||  3009
  Dodge: Dodged            |    35 |    61 |    70 |   117 |   302 |   528 |   471 |   469 |   539 ||  2592
  Block: Other             |       |       |    22 |    18 |       |       |       |       |       ||    40
         Reflection        |       |       |     2 |       |       |       |       |       |       ||     2
Riposte: Battleaxe         |       |       |       |       |    10 |       |       |       |       ||    10
         Executioner's axe |       |       |       |       |    55 |   102 |    90 |    88 |    89 ||   424
